 Dungeon Crawl Stone Soup version 0.29.1-13-g9f3cf754e1 (webtiles) character file.

Game seed: 2415975417848969108

112 MacCMillion the Digger (level 4, -3/24 HPs)
             Began as a Gargoyle Earth Elementalist on Jan 19, 2023.
             Killed by divine providence
             ... invoked by an orc priest
              (15 damage)
             ... on level 2 of the Dungeon.
             The game lasted 00:06:14 (2023 turns).

MacCMillion the Digger (GrEE)                       Turns: 2023, Time: 00:06:15

Health: -3/24      AC:  9    Str: 11    XL:     4   Next: 95%
Magic:  3/7        EV: 11    Int: 21    God:
Gold:   129        SH:  0    Dex: 10    Spells: 3/7 levels left

rFire   + . .      SeeInvis .   k - +4 dagger
rCold   + . .      Faith    .   (no shield)
rNeg    + . .      Spirit   .   n - +2 leather armour of Madod {rF+ rC+ Int+3}
rPois   ∞          Reflect  .   (no helmet)
rElec   +          Harm     .   t - +0 cloak
rCorr   .          Rampage  .   (no gloves)
Will    .....                   (no boots)
Stlth   ++........              (no amulet)
HPRegen 0.08/turn               (no ring)
MPRegen 0.10/turn               (no ring)

@: no status effects
A: sickness immunity, AC +3, negative energy resistance 1, electricity
resistance, torment resistance 1, petrification resistance
a: no special abilities


You were on level 2 of the Dungeon.
You visited 1 branch of the dungeon, and saw 3 of its levels.

You collected 129 gold pieces.

Inventory:

Hand Weapons
 c - a +0 club
 j - a +0 dagger
 k - a +4 dagger (weapon)
Missiles
 e - 5 silver javelins
 g - 6 poisoned darts
Armour
 a - a +0 robe
 n - the +2 leather armour of Madod (worn) {rF+ rC+ Int+3}
   (You found it on level 2 of the Dungeon)

   Int:       It affects your intelligence (+3).
   rF:        It protects you from fire.
   rC:        It protects you from cold.
 t - a +0 cloak (worn)
Wands
 o - a wand of flame (12)
Scrolls
 d - 4 scrolls of enchant weapon {unknown}
 h - a scroll of enchant armour {unknown}
 i - 2 scrolls of torment {unknown}
 p - a scroll of noise {unknown}
 r - a scroll of amnesia {unknown}
 s - 2 scrolls of teleportation {unknown}
Potions
 b - a potion of magic
 f - 2 potions of flight {unknown}
 l - a potion of heal wounds {unknown}
 m - a potion of curing {unknown}
 q - a potion of mutation {unknown}


   Skills:
 - Level 1.5 Dodging
 - Level 2.2 Stealth
 - Level 2.0 Spellcasting
 + Level 2.3 Conjurations
 - Level 1.0 Transmutations
 + Level 5.7 Earth Magic


You had 3 spell levels left.
You knew the following spells:

 Your Spells              Type           Power      Damage    Failure   Level
a - Sandblast             Erth           52%        2d12      1%          1
b - Stone Arrow           Conj/Erth      38%        3d9       11%         3

Your spell library contained the following spells:

 Spells                   Type           Power      Damage    Failure   Level
 Passwall                 Tmut/Erth      13%        N/A       8%          2
 Petrify                  Tmut/Erth      16%        N/A       43%         4


Dungeon Overview and Level Annotations

Branches:
Dungeon (3/15)

Altars:

Shops:
D:1 (:


Innate Abilities, Weirdness & Mutations

You are immune to sickness and miasma.
Your stone body is resilient. (AC +3)
You are immune to poison.
You resist negative energy. (rN+)
You are resistant to electric shocks. (rElec)
You are resistant to unholy torment.
You are immune to petrification.


Message History

There is an entrance to a sewer on this level.
Hurry and find it before the portal rusts away!
The orc shouts! x2; The frilled lizard hisses angrily.
The orc shouts! x3
You hear a shout! x2; The orc priest shouts!
Found a ring mail.
There is a stone staircase leading up here.
The orc priest closely misses you. The orc barely misses you.
You climb upwards.
There is a stone staircase leading down here.
Aiming: Sandblast (safe; 1% risk of failure)
Press: ? - help, Q - select action, (/) - cycle Shift-Dir - straight line, f - orc
Aim: an orc, wielding a +0 mace and quivering silver boomerangs (83% to hit)
The blast of sand hits the orc!
You kill the orc!
The orc priest hits you but does no damage.
Aiming: Sandblast (safe; 1% risk of failure)
Press: ? - help, Q - select action, (/) - cycle Shift-Dir - straight line, f - orc priest
Aim: an orc priest, wielding a +0 club and wearing a +0 leather armour (83% to hit)
The blast of sand hits the orc priest.
The orc priest is moderately wounded.
The orc priest hits you but does no damage.
The orc priest closely misses you.
Unknown command.
Aiming: Sandblast (safe; 1% risk of failure)
Press: ? - help, Q - select action, (/) - cycle Shift-Dir - straight line, f/p - orc priest
Aim: an orc priest, wielding a +0 club and wearing a +0 leather armour (moderately wounded, 83% to hit)
The blast of sand hits the orc priest.
The orc priest is severely wounded.
The orc priest mumbles some strange prayers to Beogh against you.
Beogh smites you!
Ouch! That really hurt!
Unknown command.
Aiming: Sandblast (safe; 1% risk of failure)
Press: ? - help, Q - select action, (/) - cycle Shift-Dir - straight line, f/p - orc priest
Aim: an orc priest, wielding a +0 club and wearing a +0 leather armour (severely wounded, 83% to hit)
The blast of sand hits the orc priest.
The orc priest is severely wounded.
The orc priest invokes the aid of Beogh against you.
Beogh smites you!
Ouch! That really hurt!
You die...

############ ###
#........... #@##
#........... #o)##
#...........
#...###...........
#.................
#.#.###...........
#)#...............
#.####............
#.# #............
#.# #.###########


You could see an orc priest.

Vanquished Creatures
  An orc wizard (D:2)
  3 adders (D:2)
  2 worms (D:2)
  2 dart slugs (D:1)
  5 orcs (D:2)
  4 bats
  4 endoplasms
  2 giant cockroaches
  8 goblins
  4 hobgoblins
  A quokka (D:1)
  A ball python (D:1)
  2 frilled lizards
  2 kobolds
  4 rats (D:2)
45 creatures vanquished.

Notes
Turn   | Place    | Note
-------+----------+-------------------------------------------
     0 | D:1      | MacCMillion the Gargoyle Earth Elementalist began the quest
                  | for the Orb.
     0 | D:1      | Reached XP level 1. HP: 10/10 MP: 3/3
    29 | D:1      | Reached skill level 1 in Transmutations
   111 | D:1      | Reached skill level 4 in Earth Magic
   111 | D:1      | Reached XP level 2. HP: 15/15 MP: 1/5
   154 | D:1      | Found Faecuryu's Weapon Shoppe.
   351 | D:1      | Found Xaichoul's Book Emporium.
   490 | D:1      | Reached XP level 3. HP: 19/19 MP: 4/6
   839 | D:1      | Learned a level 3 spell: Stone Arrow
   879 | D:2      | Reached skill level 5 in Earth Magic
   939 | D:2      | Identified the +2 leather armour of Madod {rF+ rC+ Int+3}
  1230 | D:2      | Reached skill level 1 in Conjurations
  1476 | D:2      | Reached XP level 4. HP: 24/24 MP: 5/7
  1862 | D:2      | Found a faded altar of an unknown god.
  2023 | D:2      | Killed from afar by an orc priest

Illustrated notes

Levels and vault maps discovered:
D:1:      grunt_arrival_crossed_arrows, layout_loops_ring, serial_shops,
          nicolae_lakefront_shop, nicolae_shop_hallway_stairs
D:2:      layout_basic, shapermc_ecumenical_altar_mp_vishouse
D:3:      layout_rooms, elyvilon_altar_4, portal_sewer_entry_f,
          grunt_ministairs_11, feat_on_display, uniq_ijyb

Skill      XL: |  1  2  3  4 |
---------------+-------------+-----
Transmutations | 1 |  1.0
Earth Magic    | 4 5 |  5.7
Conjurations   | 1 2 |  2.3
Dodging        | |  1.5
Stealth        | |  2.2
Spellcasting   | |  2.0

Action                   |  1- 3 |  4- 6 || total
-------------------------+-------+-------++-------
Melee: Dagger            |     2 |     1 ||     3
Throw: Dart              |     4 |       ||     4
 Cast: Sandblast         |    40 |    15 ||    55
Armor: Robe              |     2 |       ||     2
       Leather armour    |       |     3 ||     3
Dodge: Dodged            |     6 |     3 ||     9
